AoeStats
← 猫咪先生

Arena

510280345Analyzed
2v2 RM · 21h ago on Sep 30, 2026· 76m 4s· 4 players
Game mode
Random Map
Map size
Medium (4 player)
Population
200
Speed
Normal
Resources
Standard
Victory
Conquest
Starting age
Dark Age
Ending age
Imperial Age
RankedLock teamsTeams togetherTeam positionsShared explorationLock speedFull tech treeHidden civsTurbo modeCheats
Victory
Defeat
🇨🇳 Chinese · China
964
+13
🇨🇳 Spanish · China
857
+18
🇦🇺 Bohemians · Australia
905
-16
🇦🇺 Japanese · Australia
895
-15
dirtyhazz
11:41 Feudal Age
15:36 Castle Age
16:13 Double-Bit Axe
16:11 Horse Collar
24:54 Wheelbarrow
24:08 Man-at-Arms
25:14 Bow Saw
26:00 Pikeman
26:01 Long Swordsman
30:46 Imperial Age
31:29 Two-Handed Swordsman
33:11 Conscription
34:34 Hand Cart
35:52 Two-Man Saw
34:18 Capped Ram
34:43 Elite Skirmisher
35:20 Fletching
35:30 Padded Archer Armor
37:17 Bodkin Arrow
41:04 Leather Archer Armor
40:50 Bracer
40:52 Scale Mail Armor
41:02 Forging
45:04 Light Cavalry
45:54 Bloodlines
47:02 Ballistics
49:09 Town Watch
49:10 Loom
50:37 Two-Man Saw
49:38 Heavy Plow
50:22 Halberdier
52:52 Kataparuto
55:13 Husbandry
56:15 Yasama
57:55 Thumb Ring
LeBragen
6:59 Loom
12:01 Feudal Age
12:27 Double-Bit Axe
18:38 Castle Age
17:22 Horse Collar
19:58 Elite Skirmisher
22:25 Fletching
33:10 Imperial Age
33:53 Bodkin Arrow
35:32 Bow Saw
36:25 Siege Engineers
37:37 Conscription
39:44 Elite Hussite Wagon
42:02 Pikeman
43:06 Squires
43:18 Forging
43:09 Scale Mail Armor
45:26 Iron Casting
45:08 Chain Mail Armor
46:37 Fortified Wall
48:45 Two-Man Saw
47:15 Halberdier
48:57 Blast Furnace
50:08 Plate Mail Armor
51:13 Heavy Plow
53:43 Wagenburg Tactics
54:02 Arson
57:23 Bracer
60:14 Ballistics
猫咪先生
11:06 Feudal Age
11:52 Double-Bit Axe
14:19 Horse Collar
18:04 Wheelbarrow
20:09 Castle Age
21:00 Scale Mail Armor
21:11 Forging
23:04 Bow Saw
25:41 Gold Mining
25:41 Stone Mining
27:28 Gold Shaft Mining
27:29 Stone Shaft Mining
27:09 Heavy Plow
27:35 Scale Barding Armor
27:48 Bloodlines
27:39 Husbandry
28:26 Hand Cart
29:08 Chain Barding Armor
34:40 Imperial Age
32:44 Padded Archer Armor
32:34 Fletching
33:31 Squires
33:17 Arson
34:17 Town Watch
34:20 Loom
35:57 Conscription
35:06 Cavalier
35:56 Bodkin Arrow
36:03 Heavy Scorpion
37:33 Town Patrol
40:12 Leather Archer Armor
41:14 Two-Man Saw
43:42 Ballistics
44:23 Chemistry
43:14 Heated Shot
48:57 Caravan
48:30 Light Cavalry
49:29 Capped Ram
50:35 Masonry
51:44 Plate Barding Armor
52:29 Elite Chu Ko Nu
53:15 Great Wall
55:18 Ring Archer Armor
54:49 Bracer
55:19 Rocketry
59:00 Thumb Ring
59:56 Heavy Rocket Cart
65:08 Chain Mail Armor
65:29 Iron Casting
65:36 Architecture
67:52 Elite Skirmisher
Saeed
9:11 Feudal Age
9:21 Loom
10:36 Wheelbarrow
12:11 Loom
14:55 Castle Age
14:07 Double-Bit Axe
15:50 Horse Collar
24:42 Town Watch
25:01 Heavy Plow
27:49 Bow Saw
29:20 Fletching
29:31 Padded Archer Armor
30:05 Hand Cart
30:05 Hand Cart
30:08 Bodkin Arrow
37:07 Imperial Age
34:55 Husbandry
35:06 Bloodlines
35:36 Bloodlines
36:20 Scale Barding Armor
37:24 Chain Barding Armor
37:59 Forging
37:33 Cavalier
38:05 Cavalier
39:20 Conscription
39:18 Gold Mining
41:03 Plate Barding Armor
41:41 Iron Casting
43:03 Chemistry
43:59 Blast Furnace
42:36 Capped Ram
45:26 Ballistics
46:33 Paladin
47:11 Stone Mining
46:57 Light Cavalry
51:49 Bracer
52:05 Leather Archer Armor
52:58 Hoardings
52:24 Inquisition
52:47 Block Printing
54:16 Fortified Wall
54:18 Masonry
57:38 Hussar
63:27 Guilds
63:54 Murder Holes
64:10 Masonry
Connection lost

Rejoining the realm…

Still unreachable

The connection could not be restored.

Session expired

The server has moved on; the page needs a fresh start.